 Dungeon Crawl Stone Soup version 0.30-a0-1018-g25214051b3 (webtiles) character file.

Game seed: 11295172568628972192

10783 cheesebisquit the Grappler (level 11, -7/109 HPs)
             Began as a Troll Warper on Apr 8, 2023.
             Was an Initiate of Yredelemnul.
             Mangled by Rupert
             ... wielding a +1 battleaxe of electrocution
              (25 damage)
             ... on level 12 of the Dungeon.
             The game lasted 00:37:28 (10271 turns).

cheesebisquit the Grappler (Troll Warper)          Turns: 10271, Time: 00:37:29

Health: -7/109     AC:  5    Str: 25    XL:     11   Next: 40%
Magic:  18/18      EV: 14    Int:  9    God:    Yredelemnul [......]
Gold:   269        SH:  0    Dex:  9    Spells: 2/20 levels left

rFire   . . .      SeeInvis .      - Unarmed
rCold   + . .      Faith    .    (no shield)
rNeg    . . .      Spirit   .    a - +0 robe
rPois   .          Reflect  .    (helmet restricted)
rElec   .          Rampage  .    I - +0 cloak
rCorr   .                        (gloves unavailable)
Will    .....                    (boots unavailable)
Stlth   +                        A - amulet of regeneration
HPRegen 1.98/turn                M - ring of protection from cold
MPRegen 0.16/turn                t - +5 ring of evasion

@: no status effects
A: large, unfitting armour, claws 3, regeneration 1, shaggy fur 1, tough skin 1
a: Renounce Religion, Recall Undead Harvest


You were on level 12 of the Dungeon.
You worshipped Yredelemnul.
Yredelemnul was noncommittal.
You visited 2 branches of the dungeon, and saw 13 of its levels.
You also visited: Ossuary.

You collected 674 gold pieces.
You spent 405 gold pieces at shops.

Inventory:

Hand Weapons
 e - a +0 short sword
 g - a +0 giant club
 o - a +6 mace of protection
 r - a +0 heavy mace
 w - a +1 morningstar
Missiles
 f - 2 silver boomerangs
 x - 25 poisoned darts (quivered)
 B - 3 silver javelins
 F - 5 javelins
 G - 22 stones
 H - 2 throwing nets
 J - a curare-tipped dart
 K - 3 boomerangs
Armour
 a - a +0 robe (worn)
 I - a +0 cloak (worn)
Jewellery
 m - a ring of positive energy
 t - a +5 ring of evasion (right claw)
 A - an amulet of regeneration (around neck)
 M - a ring of protection from cold (left claw)
Wands
 E - a wand of paralysis (9)
Scrolls
 b - 3 scrolls of blinking
 i - 3 scrolls of summoning
 j - 4 scrolls of enchant weapon
 l - 3 scrolls of amnesia
 n - a scroll of fog
 p - a scroll of fear {unknown}
 q - a scroll of enchant armour {unknown}
 s - 2 scrolls of poison
 u - 3 scrolls of magic mapping
 y - a scroll of acquirement {unknown}
 D - 4 scrolls of teleportation
 L - a scroll of vulnerability {unknown}
 N - a scroll of torment {unknown}
Potions
 d - a potion of magic
 h - 3 potions of cancellation
 k - 2 potions of brilliance
 v - 2 potions of heal wounds
 z - 11 potions of curing
 C - 2 potions of lignification
Miscellaneous
 c - a lightning rod (4/4)


   Skills:
 + Level 7.0 Fighting
 + Level 7.5 Throwing
 - Level 1.9 Dodging
 + Level 8.5 Unarmed Combat
 + Level 5.3 Spellcasting
 + Level 6.6 Translocations


You had 2 spell levels left.
You knew the following spells:

 Your Spells              Type           Power      Damage    Failure   Level
a - Blink                 Tloc           28%        N/A       2%          2
b - Lesser Beckoning      Tloc           28%        N/A       2%          2
c - Teleport Other        Tloc           14%        N/A       4%          3
d - Apportation           Tloc           28%        N/A       1%          1
e - Gell's Gravitas       Tloc           14%        N/A       4%          3
f - Manifold Assault      Tloc           14%        N/A       16%         4
g - Vhi's Electric Charg  Tloc/Air       16%        N/A       19%         3

Your spell library contained the following spells:

 Spells                   Type           Power      Damage    Failure   Level
 Magic Dart               Conj           8%         1d3       24%         1
 Necrotise                Necr           8%         1d4       24%         1
 Summon Small Mammal      Summ           8%         N/A       24%         1
 Call Imp                 Summ           4%         N/A       34%         2
 Ensorcelled Hibernation  Hex/Ice        4%         N/A       34%         2
 Passwall                 Tmut/Erth      1%         N/A       34%         2
 Poisonous Vapours        Pois/Air       4%         N/A       34%         2
 Ignite Poison            Fire/Tmut/Pois 2%         N/A       56%         3
 Mephitic Cloud           Conj/Pois/Air  2%         N/A       56%         3
 Spider Form              Tmut/Pois      2%         N/A       56%         3
 Swiftness                Air            2%         N/A       56%         3
 Anguish                  Hex/Necr       1%         N/A       93%         4
 Sticky Flame             Conj/Fire      2%         2d3       93%         4
 Freezing Cloud           Conj/Ice/Air   1%         6-21      100%        5
 Ignition                 Fire           1%         3d3       100%        8


Dungeon Overview and Level Annotations

Branches:
Dungeon (12/15)            Temple (1/1) D:7            Lair (0/5) D:9
    Orc (0/2) D:9         Ossuary (visited)

Altars:
Ashenzari
Cheibriados
Dithmenos
Elyvilon
Fedhas
Gozag
Hepliaklqana
Kikubaaqudgha
Makhleb
Nemelex Xobeh
Okawaru
Qazlal
Ru
Sif Muna
Trog
Uskayaw
Vehumet
Wu Jian
Xom
Yredelemnul
Zin
The Shining One

Shops:
D:9 *

Annotations:
D:4 2 transporters, promet's ghost, amateur MiFi
D:5 4 runed translucent doors
D:12 Rupert


Innate Abilities, Weirdness & Mutations

You are too large for most types of armour.
You have claws for hands.
Your natural rate of healing is unusually fast.
You are covered in fur. (AC +1)
You have tough skin. (AC +1)


Message History

There is an open door here.
There is an open door here.
You open the door.
There is an open door here.
You open the door.
Rupert the Wild comes into view.
He is wielding a +1 battleaxe of electrocution.
Found a helmet.
Rupert shouts!
There is an open door here.
Okay, then.
You throw a poisoned dart.
The poisoned dart closely misses Rupert.
Rupert roars madly and goes into a rage!
Rupert goes berserk!
You throw a poisoned dart. The poisoned dart hits Rupert.
You barely miss Rupert.
Rupert hits you with a +1 battleaxe of electrocution!!!
You feel much better.
Rupert hits you with a +1 battleaxe of electrocution!!
You claw Rupert! Your claw misses Rupert.
Rupert is lightly wounded.
Rupert hits you with a +1 battleaxe of electrocution! x2
You are electrocuted!
You closely miss Rupert. You claw Rupert!
Rupert is lightly wounded.
Rupert hits you with a +1 battleaxe of electrocution.
You claw Rupert!
Rupert is moderately wounded.
Rupert misses you.
You mangle Rupert!!
Rupert is moderately wounded.
Rupert hits you with a +1 battleaxe of electrocution!
* * * LOW HITPOINT WARNING * * *
You feel much better.
Rupert hits you with a +1 battleaxe of electrocution!!
You are electrocuted!
* * * LOW HITPOINT WARNING * * *
Rupert hits you with a +1 battleaxe of electrocution!!
You die...
Your body rises from the dead as a mindless zombie.

#..#..# #. +..#..# #.
#+##..#..#+###########.
#...........#..#.......
#.........[.#..#.......
+.(.........#..#......<
#...........#..#.......
#######@########'##'#####
#.......@......#..#....#
#..............'..'....+
#..............#..#....#
########################


You could see Rupert (berserk).

Vanquished Creatures
  Snorg (D:10)
  Erica (D:9)
  A two-headed ogre (D:11)
  A tengu conjurer (D:11)
  A troll (D:11)
  2 vampires
  A wyvern (D:5)
  9 yaks
  A wraith (D:11)
  2 steam dragons
  A redback (shapeshifter) (D:11)
  A water moccasin (D:5)
  6 orc warriors
  2 black bears
  2 ice beasts
  A phantom (D:5)
  4 centaurs
  An ogre (D:4)
  4 kobold brigands
  3 bullfrogs
  13 scorpions
  2 gnoll sergeants (D:7)
  3 wights (D:7)
  18 killer bees
  6 howler monkeys
  A centaur zombie (Ossuary)
  6 orc priests
  A human zombie (Ossuary)
  2 jellies
  4 hounds
  A sleepcap (D:5)
  3 scorpion zombies (Ossuary)
  5 iguanas
  8 orc wizards
  3 mummies (Ossuary)
  15 gnolls
  7 adders
  3 shadow imps
  2 ufetubi
  3 worms
  A dart slug (D:1)
  49 orcs
  13 ball pythons
  9 endoplasms
  3 giant cockroaches
  A gnoll zombie (Ossuary)
  9 hobgoblins
  5 jackals
  4 quokkas
  10 bats
  3 frilled lizards
  A goblin (D:4)
  A goblin zombie (D:6)
  2 hobgoblin zombies (Ossuary)
  15 kobolds
  2 kobold zombies (Ossuary)
  5 orc zombies (Ossuary)
  3 rats
  A rat zombie (D:6)
288 creatures vanquished.

Vanquished Creatures (collateral kills)
  A tengu conjurer (D:11)
  A hornet (D:7)
  An acid dragon (D:11)
  A bullfrog (D:8)
  2 killer bees
  An orc priest (D:9)
  An orc wizard (D:8)
  2 orcs
  5 kobolds
15 creatures vanquished.

Vanquished Creatures (others)
  An orc warrior (D:9)
  4 yak zombies (D:9)
  8 killer bee zombies
  2 howler monkey zombies
  A jelly zombie (D:7)
  A spectral shadow imp (D:8)
  An orc (D:9)
  A gnoll zombie (D:7)
  5 kobold zombies
  17 orc zombies
  11 fungi (D:5)
52 creatures vanquished.

Grand Total: 355 creatures vanquished

Notes
Turn   | Place    | Note
-------+----------+-------------------------------------------
     0 | D:1      | cheesebisquit the Troll Warper began the quest for the Orb.
     0 | D:1      | Reached XP level 1. HP: 19/19 MP: 1/1
    50 | D:1      | Reached skill level 1 in Throwing
    81 | D:1      | Reached XP level 2. HP: 28/28 MP: 3/3
   148 | D:1      | Found a faded altar of an unknown god.
   401 | D:1      | Reached XP level 3. HP: 35/35 MP: 4/4
  1124 | D:2      | Reached XP level 4. HP: 41/42 MP: 5/5
  1386 | D:3      | Found an opulent altar of Gozag.
  1386 | D:3      | Found a sparkling altar of Nemelex Xobeh.
  1620 | D:3      | Found a glowing golden altar of the Shining One.
  2276 | D:3      | Found a shimmering altar of Xom.
  2410 | D:4      | Noticed an ogre
  2743 | D:4      | Found a transporter.
  2744 | D:4      | Noticed promet's ghost (amateur MiFi)
  2748 | D:4      | Noticed a black bear
  2821 | D:4      | Reached XP level 5. HP: 44/50 MP: 6/6
  2867 | D:4      | Reached skill level 3 in Unarmed Combat
  2876 | D:4      | Killed an ogre
  2884 | D:4      | Reached XP level 6. HP: 59/59 MP: 6/8
  2897 | D:4      | Learned a level 2 spell: Blink
  2900 | D:4      | Learned a level 2 spell: Lesser Beckoning
  2904 | D:4      | Learned a level 3 spell: Teleport Other
  2976 | D:4      | Found a transporter.
  3057 | D:4      | Found a stormy altar of Qazlal.
  3443 | D:5      | Entered Level 5 of the Dungeon
  3507 | D:5      | Reached XP level 7. HP: 48/67 MP: 9/9
  3601 | D:5      | Reached skill level 4 in Unarmed Combat
  3810 | D:5      | Reached XP level 8. HP: 66/78 MP: 11/11
  4114 | D:5      | Found a large runed translucent door.
  4114 | D:5      | Found a large runed translucent door.
  4234 | D:5      | Reached skill level 5 in Unarmed Combat
  4276 | D:5      | Noticed a troll
  4283 | D:5      | Found a large runed translucent door.
  4283 | D:5      | Found a large runed translucent door.
  4562 | D:6      | Found a sand-covered staircase.
  4570 | Ossuary  | Entered an ossuary
  4703 | Ossuary  | Reached XP level 9. HP: 82/85 MP: 13/13
  4890 | Ossuary  | Reached skill level 5 in Throwing
  5271 | D:6      | Reached skill level 6 in Unarmed Combat
  5358 | D:6      | Reached skill level 5 in Fighting
  5752 | D:7      | Found a staircase to the Ecumenical Temple.
  5761 | Temple   | Entered the Ecumenical Temple
  5804 | Temple   | Became a worshipper of Yredelemnul the Dark
  5894 | D:8      | Reached skill level 5 in Translocations
  5908 | D:7      | Reached * piety under Yredelemnul
  6559 | D:7      | Reached XP level 10. HP: 41/96 MP: 15/15
  6684 | D:7      | Found a sacrificial altar of Ru.
  6693 | D:7      | Found an ornate altar of the Wu Jian Council.
  6976 | D:8      | Reached ** piety under Yredelemnul
  7274 | D:8      | Reached *** piety under Yredelemnul
  7274 | D:8      | Reached skill level 7 in Unarmed Combat
  7677 | D:9      | Noticed an angel
  7678 | D:9      | Found Poatease's Hallowed Reliquary.
  7686 | D:9      | Bought a potion of curing for 45 gold pieces
  7686 | D:9      | Bought a potion of heal wounds for 75 gold pieces
  7686 | D:9      | Bought a potion of curing for 45 gold pieces
  7686 | D:9      | Bought a potion of heal wounds for 75 gold pieces
  7686 | D:9      | Bought a potion of curing for 45 gold pieces
  7686 | D:9      | Bought a potion of heal wounds for 75 gold pieces
  7686 | D:9      | Bought a potion of curing for 45 gold pieces
  7738 | D:9      | Noticed Erica
  7749 | D:9      | Killed Erica
  8138 | D:9      | Found a staircase to the Orcish Mines.
  8440 | D:9      | Reached skill level 5 in Spellcasting
  8462 | D:9      | Found a staircase to the Lair.
  8465 | D:9      | Learned a level 1 spell: Apportation
  8469 | D:9      | Learned a level 3 spell: Gell's Gravitas
  8474 | D:9      | Learned a level 4 spell: Manifold Assault
  8478 | D:9      | Learned a level 3 spell: Vhi's Electric Charge
  8610 | D:10     | Entered Level 10 of the Dungeon
  8998 | D:10     | Reached XP level 11. HP: 107/107 MP: 17/17
  9209 | D:10     | Found a hide-covered altar of Uskayaw.
  9221 | D:10     | Reached skill level 8 in Unarmed Combat
  9273 | D:10     | Noticed Snorg
  9309 | D:10     | Killed Snorg
  9394 | D:11     | Noticed a two-headed ogre
  9927 | D:11     | Killed a two-headed ogre
 10044 | D:11     | Reached **** piety under Yredelemnul
 10261 | D:12     | Noticed Rupert
 10271 | D:12     | Mangled by Rupert

Illustrated notes

Levels and vault maps discovered:
D:1:      amcnicky_arrival_flooded_fountain, layout_loops_ring,
          chequers_ecumenical_altar_simple_redux, minmay_misc_feat_encased,
          minmay_nonomino_d4
D:2:      kennysheep_big_flooded_room, layout_basic,
          chequers_serial_rivers_micro_c
D:3:      layout_loops_corners, grunt_temple_overflow_opulence, tso_altar,
          mainiacjoe_overflow_alcove_2, serial_rivers,
          chequers_serial_rivers_room_a, chequers_serial_rivers_large_b,
          chequers_serial_rivers_room_b, chequers_serial_rivers_small_3,
          chequers_serial_rivers_small_b, chequers_serial_rivers_marsh
D:4:      layout_rooms, lemuel_round_altar, gammafunk_ghost_arena
D:5:      layout_basic, serial_aquarium, aquarium_bridge_long_separate
          [aquarium_subvault_window, aquarium_subvault_bridge,
          aquarium_subvault_window, aquarium_subvault_wall,
          aquarium_subvault_wall, aquarium_subvault_bridge], aquarium_window_1,
          aquarium_window_fake, aquarium_view_2a, minmay_hollow_rounded_squares
D:6:      layout_cave_pools, enter_ossuary_4
D:7:      layout_basic, mainiacjoe_overflow_swirl, lemuel_temple_firewalk_a
D:8:      layout_loops_cross
D:9:      layout_loops_cross, lair_entry_dummy, david_orc_5, nicolae_good_shop,
          uniq_erica
D:10:     layout_irregular_city, nicolae_uskayaw_dance_studio,
          corexii_leaking_fountain, uniq_snorg
D:11:     layout_gridville
D:12:     layout_grid_maze, kb_rosetta, uniq_gastronok, uniq_rupert,
          uniq_erolcha
Temple:   nicolae_temple_ecumenical_triangle

Skill      XL: |  1  2  3  4  5  6  7  8  9 10 11 |
---------------+----------------------------------+-----
Throwing       | 1 2 3 4 5 7 |  7.5
Fighting       | 2 3 4 5 6 7 |  7.0
Unarmed Combat | 3 4 5 6 7 8 |  8.5
Spellcasting   | 2 3 4 5 |  5.3
Translocations | 3 4 5 6 |  6.6
Dodging        | |  1.9

Action                     |  1- 3 |  4- 6 |  7- 9 | 10-12 || total
---------------------------+-------+-------+-------+-------++-------
  Melee: Unarmed           |    99 |   141 |   333 |   351 ||   924
         Punch             |     2 |     3 |     7 |    14 ||    26
  Throw: Boomerang         |     7 |       |    43 |     3 ||    53
         Stone             |       |    22 |    29 |       ||    51
         Dart              |       |     5 |    50 |    43 ||    98
         Javelin           |       |       |     5 |     5 ||    10
    Use: Potion            |       |     2 |     1 |    12 ||    15
         Scroll            |       |     6 |     6 |     5 ||    17
   Stab: Sleeping          |     1 |     1 |       |       ||     2
         Invisible         |       |       |       |     4 ||     4
 Armour: Robe              |    44 |    39 |    44 |    68 ||   195
  Dodge: Dodged            |    43 |   104 |   204 |   281 ||   632

Table legend: (Time is in decaauts)
 A = Elapsed time spent in this place.
 B = Non-inter-level travel time spent in this place.
 C = Inter-level travel time spent in this place.
 D = Time resting spent in this place.
 E = Time spent auto-exploring this place.
 F = Levels seen in this place.
 G = Mean time per level.
                   A        B        C        D        E       F      G
               +--------+--------+--------+--------+--------+-----+--------+
         Total |  10229 |   9276 |    953 |    280 |   6920 |  14 |  730.6 |
       Dungeon |   9814 |   8878 |    936 |    280 |   6709 |  12 |  817.8 |
        Temple |     48 |     31 |     17 |      0 |     23 |   1 |   48.0 |
       Ossuary |    366 |    366 |      0 |      0 |    188 |   1 |  366.0 |
               +--------+--------+--------+--------+--------+-----+--------+

Top non-repeatable levels by time:
     D:3: 1212 daAuts
     D:5: 1159 daAuts
     D:9: 978 daAuts
     D:8: 968 daAuts
     D:4: 908 daAuts
     D:7: 868 daAuts
    D:10: 838 daAuts
     D:6: 731 daAuts
     D:1: 728 daAuts
    D:11: 702 daAuts
     D:2: 642 daAuts
 Ossuary: 366 daAuts
    D:12: 75 daAuts
  Temple: 48 daAuts
